cohdb
Replays
Latest Replays
All Replays
Popular Replays
Top Player Replays
Match Explorer
How It Works
Community
CoH3 Stats
Reddit
Sign in to upload your games and track your stats! →
Sign in with Steam
Match 45136292
Unlisted
Match 45136292
Overview
Messages
Build Orders
End
Scout Squad
Scout Squad
Construct Weapon Support Center
Selects Airborne Battlegroup
M1919 Machine Gun Team
M1919 Machine Gun Team
Infantry Support Center
Construct Barracks
Construct Medical Station
Riflemen Squad
Selects Pathfinders
Selects Paratrooper Squad Paradrop
Paratrooper Squad Paradrop
Selects Anti-tank Gun Team Paradrop
Anti-tank Gun Team Paradrop
Engineer Squad
Anti-tank Gun Team Paradrop
Paratrooper Squad Paradrop
Selects Recon Loiter
Selects Paradrop Reinforcements
Paradrop Reinforcements
Selects Dual P-47 Rocket Strike
Paradrop Reinforcements
Construct Tank Depot
Paratrooper Squad Paradrop
M18 Hellcat Tank Destroyer
SoF Ya Nos
S🅱️inalla 🅿️itBox
Michek
Schmidt
0
0
Comments
sign in to comment!
No comments posted yet!